AoeStats
← El Fantasma de Pancho Villa

Nomad

508376840Analyzed
4v4 RM · 10d ago on Sep 22, 2026· 64m 8s· 8 players
Game mode
Random Map
Map size
231×231
Population
200
Speed
Normal
Resources
Standard
Victory
Conquest
Starting age
Dark Age
Ending age
Imperial Age
RankedLock teamsTeams togetherTeam positionsShared explorationLock speedFull tech treeHidden civsTurbo modeCheats
Victory
Defeat
🇮🇳 Dravidians · India
1265
+15
🇲🇽 Muisca · Mexico
1249
+15
🇲🇽 Persians · Mexico
1179
+18
🇺🇸 Cumans · United States
1170
+19
🇻🇳 Malay · Vietnam
1255
-18
🇨🇳 Bohemians · China
1247
-17
🇦🇺 Tatars · Australia
1224
-16
🇮🇳 Dravidians · India
1202
-16
furkanonal2018
6:18 Loom
15:10 Feudal Age
15:50 Double-Bit Axe
18:09 Fletching
18:15 Fishing Lines
22:33 Castle Age
21:55 Padded Archer Armor
23:28 Gold Mining
23:49 Bow Saw
24:18 Bodkin Arrow
26:22 Leather Archer Armor
26:01 Elite Skirmisher
39:32 Ballistics
39:54 Gold Shaft Mining
39:42 Horse Collar
40:53 Stone Mining
41:13 Heavy Plow
41:56 Wheelbarrow
47:51 Imperial Age
46:04 Silk Armor
48:28 Masonry
50:26 Chemistry
49:43 Bracer
50:33 Ring Archer Armor
国产男子汉
9:49 Loom
12:56 Feudal Age
17:31 Castle Age
15:49 Double-Bit Axe
17:53 Horse Collar
20:13 Chemistry
21:51 Wheelbarrow
22:14 Bow Saw
24:05 Padded Archer Armor
25:58 Town Watch
28:29 Hand Cart
33:55 Imperial Age
33:07 Heavy Plow
34:15 Ballistics
38:38 Conscription
41:56 Hand Cart
44:20 Forging
45:19 Fortified Wall
46:38 Iron Casting
46:03 Scale Mail Armor
46:39 Scale Mail Armor
47:15 Iron Casting
46:27 Pikeman
47:08 Squires
47:47 Chain Mail Armor
48:03 Halberdier
49:45 Blast Furnace
51:01 Plate Mail Armor
51:45 Murder Holes
52:01 Masonry
52:18 Leather Archer Armor
53:45 Town Patrol
La Apple
6:04 Loom
15:01 Feudal Age
19:47 Castle Age
18:05 Double-Bit Axe
18:13 Horse Collar
19:17 Scale Barding Armor
21:57 Husbandry
22:30 Forging
22:58 Wheelbarrow
22:09 Fishing Lines
23:48 Iron Casting
23:37 Bow Saw
25:19 Heavy Plow
28:52 Gillnets
34:18 Imperial Age
32:08 Hand Cart
31:59 Town Watch
33:28 Stone Mining
33:29 Gold Mining
35:01 Blast Furnace
34:51 Elite Battle Elephant
37:23 Chemistry
36:44 Ballistics
38:24 Fletching
43:36 Bodkin Arrow
44:14 Conscription
47:36 Masonry
47:07 Treadmill Crane
48:14 Bombard Tower
47:45 Guard Tower
48:21 Bombard Tower
48:15 Masonry
48:11 Siege Engineers
50:19 Light Cavalry
52:09 Padded Archer Armor
51:56 Elite Skirmisher
52:42 Thumb Ring
53:16 Bracer
53:31 Murder Holes
54:13 Keep
ravish.ratnam
3:56 Loom
19:12 Feudal Age
19:54 Man-at-Arms
23:34 Castle Age
22:24 Fletching
22:34 Padded Archer Armor
24:43 Thumb Ring
25:21 Medium Warships
27:23 Ballistics
26:59 Double-Bit Axe
30:28 Leather Archer Armor
31:00 Horse Collar
31:37 Bodkin Arrow
33:52 Wheelbarrow
35:12 Bow Saw
36:07 Heavy Plow
36:39 Herbal Medicine
40:22 Imperial Age
38:36 Gold Mining
41:22 Bracer
42:39 Chemistry
42:56 Ring Archer Armor
42:16 Elite Elephant Archer
43:34 Pikeman
44:15 Squires
45:15 Halberdier
46:02 Scale Mail Armor
46:13 Forging
47:42 Hand Cart
52:42 Elite Skirmisher
fasdark333
8:48 Loom
15:29 Feudal Age
21:38 Castle Age
19:41 Double-Bit Axe
19:40 Horse Collar
20:06 Fishing Lines
22:43 Bow Saw
25:09 Heavy Plow
27:55 Scale Barding Armor
31:44 Bloodlines
31:58 Chain Barding Armor
31:49 Forging
34:43 Imperial Age
34:28 Iron Casting
35:01 Wheelbarrow
34:25 Gold Mining
34:34 Cavalier
35:53 Hand Cart
36:49 Plate Barding Armor
37:15 Blast Furnace
37:17 Gold Shaft Mining
38:54 Savar
53:18 Two-Man Saw
51:59 Elite Skirmisher
52:57 Fletching
60:20 Stone Mining
61:04 Spies/Treason
63:03 Bodkin Arrow
63:08 Scale Mail Armor
63:09 Padded Archer Armor
63:24 Citadels
64:43 Stone Shaft Mining
65:14 Chemistry
64:35 Ballistics
El Fantasma de Pancho Villa
6:11 Loom
17:10 Feudal Age
18:04 Double-Bit Axe
18:12 Man-at-Arms
19:52 Scale Mail Armor
38:33 Wheelbarrow
46:54 Gold Mining
49:06 Horse Collar
52:24 Castle Age
51:02 Bloodlines
57:42 Imperial Age
56:26 Forging
56:21 Scale Barding Armor
56:22 Heavy Plow
57:47 Iron Casting
57:47 Elite Steppe Lancer
58:49 Chain Barding Armor
60:08 Blast Furnace
61:04 Plate Barding Armor
64:11 Hand Cart
Ratchet2krox
6:58 Loom
14:31 Feudal Age
18:32 Castle Age
16:55 Scale Mail Armor
17:05 Forging
17:21 Double-Bit Axe
17:18 Horse Collar
17:38 Gold Mining
19:48 Iron Casting
19:29 Chain Mail Armor
19:25 Squires
30:36 Heavy Plow
33:05 Bow Saw
33:30 Gold Shaft Mining
32:46 Stone Mining
36:34 Wheelbarrow
36:36 Stone Shaft Mining
41:01 Imperial Age
40:46 Fletching
40:57 Padded Archer Armor
40:59 Herbalism
41:27 Bodkin Arrow
41:14 Elite Temple Guard
42:26 Conscription
42:28 Huaracas
43:14 Plate Mail Armor
43:01 Leather Archer Armor
46:47 Bracer
47:07 Hand Cart
46:47 Elite Guecha Warrior
50:11 Two-Man Saw
49:42 Crop Rotation
55:19 Chemistry
54:39 Ballistics
56:38 Pikeman
56:41 Champi Runner
57:59 Hoardings
59:30 Champi Warrior
59:34 Spies/Treason
62:18 Elite Champi Warrior
63:18 Demolition Ship
64:09 Medium Warships
63:40 Fishing Lines
63:30 Crossbowman
64:16 Thumb Ring
63:32 Elite Skirmisher
64:24 Thumb Ring
Mezsar
4:30 Loom
14:02 Feudal Age
15:19 Wheelbarrow
16:10 Town Watch
19:13 Castle Age
18:28 Gold Mining
18:20 Man-at-Arms
19:21 Forging
20:22 Medium Warships
19:52 Long Swordsman
20:18 Arson
21:40 Fletching
22:12 Medium Warships
22:27 Bodkin Arrow
23:20 Fishing Lines
25:30 Padded Archer Armor
25:38 Thumb Ring
26:08 Ballistics
32:23 Medical Corps
32:13 Horse Collar
32:58 Leather Archer Armor
32:10 Elite Skirmisher
37:22 Imperial Age
36:31 Hand Cart
37:07 Gillnets
38:28 Bracer
39:22 Ring Archer Armor
38:58 Pikeman
39:50 Scale Mail Armor
40:25 Iron Casting
41:46 Chemistry
40:36 Elite Elephant Archer
41:05 Halberdier
42:04 Chain Mail Armor
42:18 Squires
42:51 Conscription
44:25 Plate Mail Armor
61:12 Spies/Treason
63:45 Masonry
63:43 Siphons
63:52 Clinker Construction
63:53 Careening
64:27 Heavy Warships
Connection lost

Rejoining the realm…

Still unreachable

The connection could not be restored.

Session expired

The server has moved on; the page needs a fresh start.